[Event "*** Titled Tuesday Blitz"]
[Site "Chess.com"]
[Date "2021.04.06"]
[Round "3"]
[White "Nemsko"]
[Black "JiiHart"]
[Result "1-0"]
[WhiteElo "2317"]
[BlackElo "2050"]
[TimeControl "180+1"]
[EndTime "10:29:51 PDT"]
[Termination "Nemsko won by resignation"]

1. e4 c5 2. Nf3 Nc6 3. d4 cxd4 4. Nxd4 Nf6 5. Nc3 d6 6. Bg5 e6 7. Qd2 a6 8. O-O-O Bd7 9. f3 Be7 10. h4 b5 11. Nxc6 Bxc6 12. Ne2 Qb6 13. Nd4 Rc8 14.
Kb1 O-O 15. g4 a5 16. Be3 Qb7 17. h5 b4 18. g5 Nd7 19. g6 Nc5 20. gxf7+ Rxf7 21. Bh3 Bd7 22. Rhg1 Rcf8 23. Rg2 Kh8 24. Rdg1 Bf6 25.
Nb3 Nxb3 26. axb3 Qc6 27. Bd4 Bxd4 28. Qxd4 e5 29. Bxd7 Qxd7 30. Qd5 Qh3 31. Qxd6 Qxh5 32. Rxg7 Qxf3 33. Qxe5 Qf6 34. Rxf7 Rxf7 35. Qxa5 Qf2 36. Qd8+ Rf8 37. Qd1 Qf6 38. Re1 Rd8 39. Qe2 Qe5 40.
Qc4 Rb8 41. Qc6 Qg7 42. e5 Qg3 43. Qe4 Re8 44. e6 Qg6 45. e7 Qg7 46. Qe6 Qg8 47. Qxg8+ Kxg8 48. Re4 Kf7 49. Rxb4 Rxe7 50. Rh4 Kf6 51.
c4 Kg5 52. Rh1 h5 53. b4 Re4 54. b3 h4 55. b5 Kg4 56. Kb2 h3 57. c5 Re5 58. b4 Kg3 59. b6 Kg2 60. Rxh3 Kxh3 61. c6 Re6 62. c7 Rxb6 63. c8=Q+ Kg3 64. Qc7+ Kf3 65. Qxb6 Ke4 66. Qc5 1-0

[Event "*** Titled Tuesday Blitz"]
[Site "Chess.com"]
[Date "2021.04.06"]
[Round "3"]
[White "JQuiroga18"]
[Black "KafkaesqueKnight"]
[Result "0-1"]
[WhiteElo "2425"]
[BlackElo "2246"]
[TimeControl "180+1"]
[EndTime "10:29:57 PDT"]
[Termination "KafkaesqueKnight won by resignation"]

1. e4 c5 2. Nf3 d6 3. d4 cxd4 4. Nxd4 Nf6 5. Nc3 a6 6. g3 e5 7. Nde2 b5 8. Bg2 Be7 9. O-O O-O 10. a3 Nbd7 11. h3 Nb6 12. g4 Be6 13. Ng3 d5 14.
exd5 Nfxd5 15. Nxd5 Bxd5 16. Nf5 Bxg2 17. Kxg2 Bf6 18.
Kg1 e4 19. c3 Nc4 20. Qe2 Qd3 21.
Re1 Qxh3 22. Qxe4 Ne5 23. Nd4 Qxg4+ 24. Qxg4 Nxg4 25. Nf5 g6 26. Nd6 Ne5 27. Re2 Rfd8 28. Ne4 Bg7 29. Bg5 Nf3+ 30. Kg2 Nxg5 31. Nxg5 h6 32.
Ne4 Rd5 33. Rae1 Rad8 34. f4 f5 35. Nf2 Rd2 36. Kf3 Rxe2 37. Rxe2 Kf7 38. Re1 g5 39. fxg5 hxg5 40. Rh1 Rd2 41. Rb1 g4+ 42. Kg2 f4 43. Kf1 g3 44. Ne4 Rh2 45. Kg1 Kg6 46. Rf1 Kf5 47. Nxg3+ Kg4 48. Ne4 Rxb2 49. Nf2+ Kg3 50. Ne4+ Kg4 51. Nf2+ Rxf2 52. Kxf2 Bxc3 53. Rc1 Bd4+ 54.
Kf1 Bb2 55. Rc6 Bxa3 56. Rxa6 b4 57. Rb6 Kf3 58. Rb7 Ke3 59. Rb8 Kd3 60. Kf2 Kc3 61.
Kf3 Bc1 62. Rc8+ Kb2 63. Ke2 b3 64. Kd1 Be3 65. Rc7 Kb1 66. Rc3 b2 67. Rc7 Ka2 68.
Ra7+ Bxa7 0-1

[Event "*** Titled Tuesday Blitz"]
[Site "Chess.com"]
[Date "2021.04.06"]
[Round "3"]
[White "Shuvalov"]
[Black "TST2014"]
[Result "1/2-1/2"]
[WhiteElo "2444"]
[BlackElo "2674"]
[TimeControl "180+1"]
[EndTime "10:29:58 PDT"]
[Termination "Game drawn by repetition"]

1. b4 e5 2. Bb2 d6 3. e3 f5 4. f4 Qe7 5. fxe5 dxe5 6. a3 a5 7. b5 g6 8. Nf3 Bg7 9. Bc4 Nh6 10. Nc3 c6 11. a4 Be6 12. Ba3 Qd7 13. Qe2 e4 14.
Ng5 Bxc4 15. Qxc4 Nf7 16. Ne6 Bf6 17. b6 Na6 18. Rd1 Ne5 19. Qb3 Be7 20. Bb2 Bh4+ 21. g3 Bf6 22. O-O Nf3+ 23. Kg2 h5 24. d3 Qf7 25.
dxe4 Bxc3 26. Bxc3 fxe4 27. Bxh8 Ke7 28. Ng5 Qxb3 29. cxb3 Rxh8 30. Nxe4 Ne5 31. Ng5 Nb4 32. Rf4 Nd5 33. Re4 Kf6 34. Rf1+ Kxg5 35. Rxe5+ Kh6 36. Re6 Nxb6 37. Rff6 Rg8 38. Re7 Nd5 39. Rff7 Nxe7 40.
Rxe7 Rb8 41. Kf3 b5 42. Ra7 bxa4 43. bxa4 Rb2 44. Rxa5 Rxh2 45. Rc5 Ra2 46. a5 Ra4 47. e4 Kg7 48. Kf4 Kf7 49. Ke5 Ra3 50. Kd6 Rxg3 51. e5 Ra3 52. e6+ Kf6 53. Rxc6 Rd3+ 54. Kc7 Ke7 55. a6 Ra3 56. Kb7 h4 57. a7 Rb3+ 58.
Rb6 Ra3 59. Ra6 Rb3+ 60. Kc7 Rc3+ 61. Kb6 Rb3+ 62. Kc7 Rc3+ 63. Kb7 Rb3+ 64. Kc6 Rc3+ 65. Kb7 Rb3+ 1/2-1/2

[Event "*** Titled Tuesday Blitz"]
[Site "Chess.com"]
[Date "2021.04.06"]
[Round "3"]
[White "ckgchess"]
[Black "ErikRonka"]
[Result "1/2-1/2"]
[WhiteElo "2685"]
[BlackElo "2445"]
[TimeControl "180+1"]
[EndTime "10:29:59 PDT"]
[Termination "Game drawn - insufficient material"]

1. e4 c6 2. Ke2 d5 3. e5 c5 4. f4 Nc6 5. Kf2 f6 6. Bb5 Nh6 7. Nf3 e6 8. Re1 Be7 9. d3 O-O 10. Bxc6 bxc6 11. Kg1 Nf7 12. Nc3 fxe5 13. fxe5 a5 14.
b3 Ba6 15. Kh1 c4 16. bxc4 dxc4 17. d4 Bb4 18. Bd2 c5 19. a3 cxd4 20. axb4 dxc3 21. Bxc3 axb4 22. Bxb4 Re8 23. Qxd8 Rexd8 24. h3 Bb7 25. Rxa8 Bxa8 26. Nd2 Bd5 27. Bc3 Nh6 28. Kh2 Ra8 29. Ra1 Rxa1 30. Bxa1 Nf5 31. Nf1 Be4 32. g4 Nh4 33.
Kg3 g5 34. Ne3 Nf3 35. Bc3 Nh4 36. Bd2 Ng6 37. Bc3 h6 38. Bd4 Nf4 39. Bb2 Ne2+ 40. Kf2 Nf4 41. Kg3 Ne2+ 42. Kh2 Nf4 43. c3 Bd3 44. Kg3 Ne2+ 45. Kf2 Nf4 46. Kg3 Ne2+ 47.
Kf3 Nf4 48. h4 Kf7 49. h5 Nd5 50. Ng2 Ne7 51. Ke3 Nc6 52. Ne1 Nxe5 53. Kd4 Nxg4 54. Nxd3 cxd3 55. Kxd3 Nf6 56. c4 Nxh5 57. c5 Nf4+ 58.
Ke4 Nd5 59. c6 h5 60. Ba3 h4 61. Bd6 Ke8 62. Ke5 Kd8 63. Kxe6 Nc7+ 64. Kf5 h3 65.
Kxg5 Ne8 66. Be5 Kc8 67. Kg4 Nc7 68. Kxh3 Nd5 69. Bd6 Ne7 70. Bxe7 Kc7 71. Kg4 Kxc6 1/2-1/2

[Event "*** Titled Tuesday Blitz"]
[Site "Chess.com"]
[Date "2021.04.06"]
[Round "3"]
[White "AlexOstrovskiy"]
[Black "Eliwood44"]
[Result "1/2-1/2"]
[WhiteElo "2739"]
[BlackElo "2517"]
[TimeControl "180+1"]
[EndTime "10:30:01 PDT"]
[Termination "Game drawn by repetition"]

1. d4 Nf6 2. Bf4 d5 3. e3 e6 4. Nd2 Bd6 5. Bg3 O-O 6. Bd3 c5 7. c3 Qc7 8. dxc5 Qxc5 9. Ngf3 Bxg3 10. hxg3 h6 11. e4 dxe4 12. Nxe4 Nxe4 13. Bxe4 Nd7 14. Qd4 Qxd4 15. Nxd4 Nc5 16. Bc2 e5 17. Nf5 Bxf5 18. Bxf5 Rad8 19. Ke2 Rd6 20. Bc2 Rfd8 21. Rad1 Rxd1 22.
Rxd1 Rxd1 23. Bxd1 f5 24. Bc2 g6 25. g4 fxg4 26.
Bxg6 Kg7 27. Bc2 Kf6 28. b4 Ne6 29. g3 Ng5 30. Ke3 h5 31. Ba4 Nf3 32. Be8 h4 33. gxh4 Nxh4 34. Bd7 Nf5+ 35. Ke4 g3 36. fxg3 Nxg3+ 37. Kd5 Ne2 38. Kc4 Ke7 39. Bg4 Nf4 40. Bf3 b6 41.
Kb5 Nd3 42. Ka6 Nc1 43. Bd5 Kd6 44. Bc4 e4 45. a4 e3 46. Kxa7 Kc7 47. Ka6 e2 48.
Bxe2 Nxe2 49. c4 Nc3 50. a5 bxa5 51. Kxa5 Ne4 52. Ka6 Nd2 53. c5 Ne4 54. Kb5 Nc3+ 55. Kc4 Ne4 56. Kd5 Nc3+ 57. Kc4 Ne4 58. Kb5 Nc3+ 59. Ka5 Kc6 60. Ka6 Nb5 61. Ka5 Nc3 62.
Ka6 Nb5 63. Ka5 Nc3 1/2-1/2

[Event "*** Titled Tuesday Blitz"]
[Site "Chess.com"]
[Date "2021.04.06"]
[Round "3"]
[White "tapu2"]
[Black "Genghis_K"]
[Result "0-1"]
[WhiteElo "2659"]
[BlackElo "2941"]
[TimeControl "180+1"]
[EndTime "10:30:02 PDT"]
[Termination "Genghis_K won by resignation"]

1. e4 c5 2. Nc3 Nc6 3. Bb5 Nd4 4. Nf3 a6 5. Bd3 Nc6 6. O-O e6 7. b3 Be7 8. Bb2 d5 9. exd5 exd5 10. Re1 Nf6 11. Ne5 Nd4 12. Ne2 Ne6 13. Ng3 Nf4 14. Bf1 Be6 15. Qf3 Ng6 16. Nf5 Bxf5 17. Qxf5 O-O 18.
Bd3 Bd6 19. Nxg6 hxg6 20. Bxf6 gxf6 21. Qg4 Kg7 22. h4 Rh8 23. g3 Be5 24. Rad1 Qc8 25. Qxc8 Raxc8 26. Be2 b5 27. Bf3 Rhd8 28. d3 b4 29. Bg4 Ra8 30. f4 Bc3 31. Re7 Re8 32. Rxe8 Rxe8 33. Bf3 a5 34. Kf1 Re3 35. Kf2 Bd4 36.
Kg2 Re7 37. Kf1 Re3 38. Kg2 f5 39. Rb1 Kf6 40. Rf1 Re8 41. Rd1 Re7 42. Rf1 Re6 43. Rd1 Ke7 44. Rf1 Kd6 45. Rd1 Re7 46. Rh1 a4 47. h5 gxh5 48. Rxh5 axb3 49. axb3 Ra7 50.
Rxf5 Ra2 51. Rxd5+ Ke6 52. Rd8 Rxc2+ 53. Kh3 Rc3 54.
Bd5+ Ke7 55. Rb8 Rxd3 56. Rb7+ Kd6 57. Bxf7 Bf2 58. Kg2 Bxg3 59. Rb8 Ke7 60. Bc4 Rc3 61. f5 Bxb8 0-1

[Event "*** Titled Tuesday Blitz"]
[Site "Chess.com"]
[Date "2021.04.06"]
[Round "3"]
[White "Chessmasterzt"]
[Black "Angry_Twin"]
[Result "0-1"]
[WhiteElo "2617"]
[BlackElo "2877"]
[TimeControl "180+1"]
[EndTime "10:30:03 PDT"]
[Termination "Angry_Twin won by resignation"]

1. d4 Nf6 2. c4 e6 3. g3 d5 4. Bg2 dxc4 5. Qa4+ Nbd7 6. Nf3 a6 7. Nc3 Rb8 8. Qxc4 b5 9. Qb3 Bb7 10. O-O c5 11. Bf4 Rc8 12. Rfd1 c4 13. Qc2 b4 14. Na4 Be4 15. Qd2 Qa5 16. b3 c3 17. Qe3 Be7 18.
Ng5 Bxg2 19. Kxg2 O-O 20. Qd3 h6 21. Nf3 Nd5 22. e4 Nxf4+ 23. gxf4 f5 24. d5 fxe4 25. Qxe4 Rf6 26. dxe6 Nf8 27. Nd4 Qh5 28. f5 Nh7 29. f4 Qg4+ 30. Kh1 c2 31. Rg1 Qxg1+ 32. Rxg1 c1=Q 33.
Rxc1 Rxc1+ 34. Kg2 Rf8 35. Nb6 Nf6 36. Qe3 Bc5 37.
Nd7 Rc3 38. Qe5 Be7 39. Nxf8 Kxf8 40. Nf3 Rc2+ 41. Kh3 Rc3 42. Qb8+ Ne8 43. Kg2 Bd6 44. Qb7 Rc2+ 45. Kg3 Rc7 46. Qb6 Rc3 47. Qa7 Rc7 48.
Qxa6 Rc3 49. Qb7 Nc7 50. Qc8+ Ne8 51. Qd7 Rc7 52. Qb5 Nf6 53. Ne5 Rc3+ 54. Kg2 Rc2+ 55. Kf3 Rc3+ 56. Ke2 Kg8 57. Qd3 Rxd3 58. Nxd3 Kf8 59.
Kf3 Ke7 60. Ne5 Nd5 61. Ng6+ Kf6 62. Ke4 Nc3+ 63. Kd4 Nxa2 64. e7 Bxe7 65. Ne5 Nc3 66. Nd7+ Kxf5 0-1

[Event "*** Titled Tuesday Blitz"]
[Site "Chess.com"]
[Date "2021.04.06"]
[Round "3"]
[White "Artyom_ChessMate"]
[Black "Diaschess88"]
[Result "0-1"]
[WhiteElo "2530"]
[BlackElo "2390"]
[TimeControl "180+1"]
[EndTime "10:30:05 PDT"]
[Termination "Diaschess88 won on time"]

1. e4 c6 2. d4 d5 3. exd5 cxd5 4. Bd3 Nc6 5. c3 Nf6 6. Bf4 g6 7. Nf3 Bf5 8. Ne5 Bxd3 9. Nxd3 e6 10. O-O Bd6 11.
Bxd6 Qxd6 12. Nd2 O-O 13. Qe2 Kg7 14. Rae1 Nd7 15. f4 Rae8 16. Rf3 f6 17. Re3 Kf7 18. Qf2 Re7 19. Nf3 Kg7 20. Qh4 Rfe8 21. g4 h6 22. g5 hxg5 23. fxg5 Rh8 24. Qg3 Qxg3+ 25. hxg3 Rhe8 26. gxf6+ Nxf6 27. Ng5 e5 28. dxe5 Ng4 29.
Rf3 Ngxe5 30. Nxe5 Nxe5 31. Rff1 Nd3 32. Rxe7+ Rxe7 33. b3 Kh6 34. Nf7+ Kh5 35. Rd1 Re3 36. Kg2 g5 37. Nd6 Kg4 38. Nf7 Rxg3+ 39. Kh2 Nf4 40. Ne5+ Kh4 41. Rd4 Rh3+ 42. Kg1 Rg3+ 43. Kf2 Rg2+ 44.
Kf1 Rxa2 45. Ng6+ Kg3 46. Nxf4 gxf4 47. Rxd5 Ra1+ 48. Ke2 Ra2+ 49. Kd3 f3 50. Rg5+ Kh2 51. Rg7 f2 52. Rh7+ Kg1 53. Rg7+ Kf1 54. Rxb7 Ke1 55.
Re7+ Kd1 56. Rf7 a5 57. Ke3 Ke1 58. Kd3 f1=Q+ 59. Rxf1+ Kxf1 60. Kc4 Ke2 61. Kb5 Kd3 62. c4 Kd4 63. c5 Kd5 64. b4 axb4 65. Kxb4 Kc6 0-1

[Event "*** Titled Tuesday Blitz"]
[Site "Chess.com"]
[Date "2021.04.06"]
[Round "3"]
[White "crescentmoon2411"]
[Black "Artem_Sadovsky"]
[Result "1/2-1/2"]
[WhiteElo "2866"]
[BlackElo "2626"]
[TimeControl "180+1"]
[EndTime "10:30:06 PDT"]
[Termination "Game drawn - insufficient material"]

1. e4 g6 2. d4 Bg7 3. Nc3 c6 4. Be3 d5 5. h3 dxe4 6. Nxe4 Nf6 7.
Nxf6+ exf6 8. Qd2 O-O 9. Bd3 Re8 10. Ne2 b5 11. O-O a6 12. Nc1 Nd7 13. Nb3 Nb6 14. Rfe1 Be6 15. Nc5 Bd5 16. b3 a5 17. Bh6 Bxh6 18. Qxh6 Qd6 19. Re3 Rxe3 20. Qxe3 Kg7 21. Re1 a4 22. Qe7 Qxe7 23. Rxe7 axb3 24. axb3 Nc8 25. Rd7 Nb6 26. Rb7 Nc8 27. c4 bxc4 28.
bxc4 Nd6 29. Rb4 Ra1+ 30. Kh2 Be6 31. Nxe6+ fxe6 32. Rb6 Rd1 33. Rxc6 Nf7 34. Be2 Rxd4 35. Rxe6 Rd2 36. f4 Nd8 37. Re3 Rc2 38. g4 Kf8 39. Kg3 Nc6 40. h4 Nd4 41. Bf1 h5 42. Re4 Rc3+ 43.
Kg2 Nf3 44. gxh5 Nxh4+ 45. Kf2 gxh5 46. Be2 Nf5 47. Bxh5 Nd6 48. Re6 Nxc4 49. Rxf6+ Ke7 50. Rc6 Rc2+ 51. Kg3 Ne3 52. Ra6 Nf5+ 53. Kg4 Ne3+ 54. Kf3 Nf5 55. Bg4 Rc3+ 56. Ke4 Nd6+ 57. Kd5 Rd3+ 58.
Kc5 Ne4+ 59. Kc4 Rg3 60. Re6+ Kf7 61. Rxe4 Rxg4 62. Kd4 Kf6 63. Ke3 Rg3+ 64. Kf2 Ra3 65. Re5 Rb3 66. Re3 Rxe3 67. Kxe3 Kf5 68. Kf3 Kf6 69. Ke4 Ke6 70. f5+ Kf6 71. Kd4 Kxf5 1/2-1/2

[Event "*** Titled Tuesday Blitz"]
[Site "Chess.com"]
[Date "2021.04.06"]
[Round "3"]
[White "nochewycandy"]
[Black "hansen"]
[Result "0-1"]
[WhiteElo "2609"]
[BlackElo "2848"]
[TimeControl "180+1"]
[EndTime "10:30:06 PDT"]
[Termination "hansen won by checkmate"]

1. c4 e5 2. g3 Nf6 3. Bg2 d5 4. cxd5 Nxd5 5. Nf3 Nc6 6. O-O Nb6 7. d3 Be7 8. Nbd2 O-O 9. a3 a5 10. b3 Re8 11.
Bb2 Bf8 12. Qc2 f6 13. Ne4 Be6 14. Rfc1 Bd5 15. Nfd2 Rc8 16. Nc5 Bxc5 17. Qxc5 Bxg2 18. Kxg2 Qd5+ 19. Qxd5+ Nxd5 20. Rc5 Red8 21. Rac1 Nde7 22. Ne4 Kf7 23. h4 h5 24. R5c4 Rd5 25. Nc3 Rd7 26. Ne4 Rd5 27. Nc3 Rd4 28. Ne4 Rxc4 29. Rxc4 b6 30. a4 Ke6 31. Ba3 Kd7 32. e3 Nd5 33.
Kf3 Re8 34. Ke2 Nd8 35. Nd2 Ne6 36. Kf3 Rd8 37. Ke4 Ke8 38. f4 exf4 39. gxf4 g6 40. Kf3 Kf7 41. Ne4 c5 42. Ng3 f5 43. Bb2 Nb4 44. d4 cxd4 45. exd4 Nd5 46. Ne2 Ke7 47.
Ba3+ Kd7 48. Rc1 Re8 49. Rg1 Rg8 50. Bb2 Nec7 51. Nc3 Nxc3 52. Bxc3 Nd5 53. Bd2 Rc8 54.
Rxg6 Rc2 55. Be1 Rb2 56. Rg7+ Ke6 57. Rg6+ Kf7 58. Rg5 Rxb3+ 59. Kf2 Ke6 60. Rxh5 Nxf4 61. Rh6+ Kd5 62. Bd2 Ne6 63. Rf6 Nxd4 64. Be3 Rb2+ 65. Kf1 Nf3 66. Bxb6 Ke4 67. Bxa5 Nxh4 68. Bb6 Ra2 69. a5 f4 70. Bc7 Ng2 71. Kg1 Kf3 72. Rg6 Ra1+ 73. Kh2 Ne3 74. Kh3 Rh1# 0-1

[Event "*** Titled Tuesday Blitz"]
[Site "Chess.com"]
[Date "2021.04.06"]
[Round "3"]
[White "Semetey"]
[Black "joejan"]
[Result "1/2-1/2"]
[WhiteElo "2510"]
[BlackElo "2284"]
[TimeControl "180+1"]
[EndTime "10:30:08 PDT"]
[Termination "Game drawn - insufficient material"]

1. e4 c5 2. Nc3 a6 3. a4 Nc6 4. f4 g6 5. Nf3 Bg7 6. Bc4 e6 7. e5 Nge7 8. Ne4 O-O 9. Nxc5 d6 10.
exd6 Qxd6 11. Nd3 b6 12. O-O Bb7 13. Kh1 Rac8 14. Ba2 Nf5 15. Bb1 Ncd4 16. Nxd4 Qxd4 17. c3 Qd5 18. Ne1 e5 19. Bxf5 gxf5 20. fxe5 Bxe5 21.
Rxf5 Qe4 22. Rg5+ Kh8 23. d4 Bf4 24. Bxf4 Qxf4 25. Nf3 Bxf3 26. Qc1 Qxc1+ 27. Rxc1 Bc6 28. a5 b5 29. Kg1 f5 30. Rf1 Be4 31. Rf4 Rg8 32.
Rxg8+ Rxg8 33. g3 Kg7 34. Kf2 Kf6 35. Ke3 Rc8 36. Rh4 Kg6 37. g4 Rc4 38. gxf5+ Bxf5 39. Rf4 Ra4 40. Rf2 Rxa5 41. d5 b4 42. c4 b3 43. Kd4 Ra1 44. Kc3 Bc2 45. c5 Rd1 46. d6 a5 47. Rf4 Rd3+ 48. Kc4 a4 49. Kb4 Rd5 50. Rc4 Kf6 51. Kxa4 Ke6 52. Ka5 Bd3 53.
Rc3 Be4 54. Kb6 Kd7 55. c6+ Kxd6 56. c7 Bf5 57. c8=Q Bxc8 58. Rxc8 Rh5 59. Rd8+ Ke7 60. Rd3 Rxh2 61. Rxb3 h5 62. Re3+ Kd6 63. b4 h4 64. b5 h3 65. Rd3+ Ke7 66. Kc7 Rh1 67. b6 h2 68. Re3+ Kf6 69. Rh3 Rc1+ 70. Kb8 h1=Q 71.
Rxh1 Rxh1 72. b7 Ke7 73. Ka7 Ra1+ 74. Kb6 Kd7 75. b8=Q Rb1+ 76. Ka7 Rxb8 77. Kxb8 1/2-1/2

[Event "*** Titled Tuesday Blitz"]
[Site "Chess.com"]
[Date "2021.04.06"]
[Round "3"]
[White "TosicSrecko"]
[Black "CheckThis4"]
[Result "0-1"]
[WhiteElo "2320"]
[BlackElo "2622"]
[TimeControl "180+1"]
[EndTime "10:30:12 PDT"]
[Termination "CheckThis4 won on time"]

1. e4 d5 2. exd5 Nf6 3. d4 Bg4 4. Be2 Bxe2 5. Qxe2 Qxd5 6. Nf3 Nc6 7. Nc3 Qf5 8. O-O O-O-O 9. Be3 e6 10. Rfd1 Nd5 11.
Nxd5 exd5 12. Qd3 Qxd3 13. Rxd3 Bd6 14. c3 f6 15. Kf1 Ne7 16. Re1 h5 17. Bd2 Nf5 18. Bc1 h4 19. h3 c6 20. Ng1 Kd7 21. Ne2 Rde8 22. Rf3 g6 23. Bf4 Bf8 24. Nc1 Rxe1+ 25.
Kxe1 Bg7 26. Nd3 Re8+ 27. Kd1 b6 28. Bd2 Nd6 29. Re3 Rxe3 30. Bxe3 Nc4 31. Bc1 g5 32. Ke2 Bf8 33. Kf3 Ke6 34. g3 hxg3 35. fxg3 Kf5 36. h4 g4+ 37. Ke2 Nd6 38. Nf2 c5 39. Bf4 Nc4 40.
Bc1 cxd4 41. cxd4 Nd6 42. Kd3 Ne4 43. Nxe4 dxe4+ 44. Ke2 Bd6 45. Kf2 Ke6 46. Be3 f5 47. Bf4 Bf8 48. Ke3 Bg7 49. h5 Kf7 50. h6 Bf6 51. d5 Kg6 52. d6 Bd8 53. Kd4 a6 54.
Kd5 b5 55. Kc6 b4 56. Kc5 a5 57. b3 Kf6 58. Kc6 Kg6 59. Kd7 Bb6 60. Ke8 e3 61. d7 e2 62. Bd2 Bc7 63. d8=Q Bxd8 64. Kxd8 f4 65. Be1 fxg3 66. Bxg3 Kxh6 67. Kc7 Kg5 68. Kb6 Kf5 69. Kxa5 Ke4 70. Kxb4 Kf3 71. Be1 g3 72. a3 g2 0-1

[Event "*** Titled Tuesday Blitz"]
[Site "Chess.com"]
[Date "2021.04.06"]
[Round "3"]
[White "Ermito2020"]
[Black "Sam_ChessMood"]
[Result "0-1"]
[WhiteElo "2539"]
[BlackElo "2875"]
[TimeControl "180+1"]
[EndTime "10:30:13 PDT"]
[Termination "Sam_ChessMood won on time"]

1. e4 e5 2. Nf3 Nf6 3. d4 Nxe4 4. dxe5 d5 5. Nbd2 Qd7 6. Be2 Nc6 7. O-O Be7 8. c3 O-O 9. Bd3 Nc5 10. Bc2 a5 11. Nb3 Ne6 12. Be3 b6 13. Qd3 g6 14. Rad1 Ba6 15.
Qxd5 Qxd5 16. Rxd5 Bxf1 17. Kxf1 a4 18. Nbd2 a3 19. b3 Rad8 20. Be4 Rxd5 21. Bxd5 Na7 22.
Ke2 Rd8 23. Bc4 Bc5 24. Bxe6 fxe6 25. Bxc5 bxc5 26. Nb1 Nb5 27. c4 Nd4+ 28. Nxd4 cxd4 29. Kd3 c5 30. Nd2 Rb8 31. Kc2 Kf8 32. Ne4 Rc8 33.
Ng5 Ke7 34. f3 h6 35. Ne4 g5 36. h3 Kd7 37. Kd3 Kc6 38. Nf2 Rb8 39. Kc2 Rf8 40. Kd3 h5 41. Ke4 Rf4+ 42. Kd3 Rf5 43. Ke4 Kb6 44. Nd3 Rf7 45. g4 hxg4 46. hxg4 Kc6 47.
f4 gxf4 48. Nxf4 Rg7 49. Kf3 Kd7 50. Nd3 Rf7+ 51. Ke4 Kc6 52. Nf4 Rh7 53. g5 Rh1 54.
g6 Rg1 55. Kf3 Rg5 56. Nxe6 Rxg6 57. Nf4 Rg1 58. Ke4 Ra1 59. b4 cxb4 60. Kxd4 Rd1+ 61. Ke4 b3 62. axb3 a2 63. e6 a1=Q 0-1

[Event "*** Titled Tuesday Blitz"]
[Site "Chess.com"]
[Date "2021.04.06"]
[Round "3"]
[White "Grineva_Marianna"]
[Black "Shankovskyi"]
[Result "1-0"]
[WhiteElo "2250"]
[BlackElo "2465"]
[TimeControl "180+1"]
[EndTime "10:30:13 PDT"]
[Termination "Grineva_Marianna won by checkmate"]

1. e4 e6 2. d4 d5 3. Nd2 c5 4. Ngf3 Nc6 5. exd5 exd5 6. Bb5 Bd6 7. O-O Ne7 8. dxc5 Bxc5 9. Nb3 Bb6 10. c3 O-O 11.
Bg5 f6 12. Bf4 Kh8 13. Qd2 Bg4 14. Nfd4 Nxd4 15. Nxd4 Bxd4 16. Qxd4 Nc6 17. Qd3 Re8 18. Qg3 Bh5 19. Rfe1 Qb6 20. a4 a6 21. Bc7 Qc5 22. Bd3 Bf7 23. Bd6 Qb6 24. b4 Rac8 25. Bc5 Qc7 26.
Qh4 h6 27. Re3 Ne5 28. Bf5 Bg6 29. Bxc8 Rxc8 30. Rg3 Bf5 31. Re1 Nd3 32. Re7 Qxe7 33.
Bxe7 Rxc3 34. h3 Rc1+ 35. Kh2 Nxf2 36. Re3 Rh1+ 37. Kg3 Ne4+ 38. Rxe4 Bxe4 39. Qf4 Rg1 40.
Qb8+ Kh7 41. Bf8 Rxg2+ 42. Kf4 g5+ 43. Ke3 Rg3+ 44. Kd4 Rd3+ 45. Kc5 Rc3+ 46. Kb6 Rc6+ 47. Ka7 b5 48. Qb7+ Kg6 49. Qxc6 Kh5 50. Qc5 Kg6 51.
axb5 f5 52. bxa6 Kh5 53. Qe7 f4 54. Qf6 Kh4 55. Qf7 Kxh3 56. Qg7 Kg4 57. Qxh6 f3 58. Be7 f2 59. Qxg5+ Kh3 60. Qf4 Kg2 61. Bc5 f1=Q 62.
Qxf1+ Kxf1 63. b5 Ke2 64. b6 d4 65. b7 Bxb7 66. axb7 d3 67. Bb4 d2 68. Bxd2 Kxd2 69. b8=Q Kd3 70. Qb4 Ke3 71. Qc4 Kd2 72. Kb6 Ke1 73.
Kc5 Kf2 74. Qc3 Kg2 75. Kd4 Kf2 76. Qe3+ Kg2 77. Ke4 Kf1 78. Qd2 Kg1 79. Kf3 Kh1 80. Qg2# 1-0

[Event "*** Titled Tuesday Blitz"]
[Site "Chess.com"]
[Date "2021.04.06"]
[Round "3"]
[White "federicosellitti"]
[Black "anon6121824"]
[Result "1-0"]
[WhiteElo "2580"]
[BlackElo "2776"]
[TimeControl "180+1"]
[EndTime "10:30:14 PDT"]
[Termination "federicosellitti won by resignation"]

1. e4 c6 2. d4 d5 3. exd5 cxd5 4. Bd3 Nc6 5. c3 Nf6 6. Bf4 g6 7. Nf3 Bg7 8. Nbd2 O-O 9. O-O Bf5 10. Bxf5 gxf5 11.
Ne5 e6 12. Qe2 Nd7 13. Nxc6 bxc6 14. b4 Kh8 15. Nf3 a5 16. a3 Qb6 17. Bd6 Rfe8 18. Ng5 f6 19. Bc5 Nxc5 20. bxc5 Qc7 21. Nf3 e5 22. Qc2 e4 23. Nh4 f4 24. Rfb1 Qd7 25. Qd1 Bh6 26. Qh5 Bg5 27. Rb6 Rab8 28.
Rab1 Rxb6 29. cxb6 Rb8 30. Ng6+ Kg7 31. Ne5 Qe6 32.
b7 c5 33. Ng4 cxd4 34. cxd4 f3 35. h4 Bd2 36. Ne3 Bxe3 37. fxe3 Qd7 38. gxf3 Rxb7 39. Rxb7 Qxb7 40. Qg4+ Kf7 41. fxe4 dxe4 42. Kh2 Qb2+ 43. Kg3 Qxa3 44. Qxe4 Qd6+ 45. Kf3 Kg7 46. Qb7+ Kg6 47. Qa7 Qd5+ 48. Kg3 Qd6+ 49. Kf3 Qd5+ 50. Kg3 Qf5 51. Qa6 Kh5 52. d5 Qg4+ 53. Kf2 Qxh4+ 54. Ke2 Qh2+ 55. Kd3 Qe5 56. e4 Qa1 57. d6 Qa2 58.
Kd4 Qa3 59. Qb5+ Kg4 60. d7 Qd6+ 61. Qd5 Qb4+ 62. Kd3 Qb1+ 63. Kd4 Qb2+ 64. Kc5 Qb4+ 65. Kc6 Qc3+ 66. Kd6 Qb4+ 67. Ke6 Qb6+ 68. Qd6 Qb3+ 69. Ke7 a4 70. Qe6+ Qxe6+ 71. Kxe6 1-0

[Event "*** Titled Tuesday Blitz"]
[Site "Chess.com"]
[Date "2021.04.06"]
[Round "3"]
[White "731291"]
[Black "ChessWarrior7197"]
[Result "1/2-1/2"]
[WhiteElo "2660"]
[BlackElo "2919"]
[TimeControl "180+1"]
[EndTime "10:30:16 PDT"]
[Termination "Game drawn - insufficient material"]

1. e4 c6 2. Nc3 d5 3. Nf3 dxe4 4. Nxe4 Nf6 5. Bd3 Nxe4 6. Bxe4 Nd7 7. d4 g6 8. O-O Bg7 9. Bg5 O-O 10. Re1 Nf6 11. Bd3 Bg4 12. c3 Qd5 13. Bxf6 Bxf3 14. Qxf3 Qxf3 15.
gxf3 Bxf6 16. a4 a5 17. Bc4 e6 18. Re4 h5 19. Kf1 Rfd8 20. Ke2 Kg7 21. f4 Be7 22.
Kf3 Bd6 23. Rae1 Kf6 24. R4e2 Rac8 25. Bb3 Bb8 26. Rd1 c5 27. dxc5 Rxd1 28. Bxd1 Rxc5 29. Rd2 Rf5 30. Rd4 g5 31. Bc2 Rxf4+ 32. Rxf4+ Bxf4 33. h3 Ke5 34. Bd3 Bc1 35. b3 Bb2 36. Be4 b6 37.
Bc6 Bxc3 38. Be8 Kf6 39. Ke4 Ke7 40. Bb5 f5+ 41. Kd3 Be1 42. f3 Kf6 43. Bc4 Ke5 44. Ke2 Bb4 45. Ke3 Bc5+ 46. Ke2 Kf6 47. Kd3 e5 48.
Bb5 e4+ 49. fxe4 f4 50. Be8 g4 51. Bxh5 gxh3 52. Bf3 Kg5 53. Ke2 Kh4 54. e5 Kg5 55.
Be4 Kg4 56. e6 Kg5 57. Kf3 Bd6 58. Bd3 Kf6 59. Bc4 Ke5 60. Kf2 Ke4 61. Bf1 h2 62. Bg2+ Kd4 63. Bf3 Bc5 64. Kg2 Ke3 65. Bd5 f3+ 66.
Kxh2 Kf2 67. Bc6 Ke2 68. Bb5+ Ke1 69. Kg3 f2 70. Kg2 Be7 71. Bc4 Bc5 72. Bb5 Kd2 73.
e7 Bxe7 74. Kxf2 Kc3 75. Bc4 b5 76. axb5 a4 77. bxa4 Kxc4 78. Kf3 Kb4 79. Ke4 Kxa4 80. b6 Kb5 81. b7 Bd6 82. Kd5 Bb8 83. Ke6 Kb6 84.
Kd7 Kxb7 1/2-1/2

[Event "*** Titled Tuesday Blitz"]
[Site "Chess.com"]
[Date "2021.04.06"]
[Round "3"]
[White "vinniethepooh"]
[Black "Zq1"]
[Result "1/2-1/2"]
[WhiteElo "2731"]
[BlackElo "2530"]
[TimeControl "180+1"]
[EndTime "10:30:17 PDT"]
[Termination "Game drawn by stalemate"]

1. d4 d5 2. c4 e6 3. Nc3 Be7 4. cxd5 exd5 5. Bf4 Nf6 6. e3 O-O 7. Bd3 c5 8. Nge2 Nc6 9. dxc5 Bxc5 10. O-O d4 11. Na4 Bd6 12. Bxd6 Qxd6 13. exd4 Rd8 14.
Qb3 Nxd4 15. Nxd4 Qxd4 16. Rad1 Be6 17. Bxh7+ Kxh7 18. Rxd4 Bxb3 19. Rh4+ Kg6 20. axb3 b6 21. g3 Rd3 22. Rb4 Re8 23. Nc3 Rd2 24. Ra1 Re7 25.
Ra2 Kf5 26. Rf4+ Kg6 27. Rfa4 a5 28. Kg2 Kf5 29. Rf4+ Kg6 30. h3 Red7 31. b4 Nd5 32. Rg4+ Kh7 33. Nxd5 R7xd5 34. bxa5 bxa5 35. Rf4 f6 36.
g4 Rb5 37. Rfa4 Rdd5 38. Kg3 g5 39. f3 Kg6 40. h4 gxh4+ 41. Kxh4 f5 42. Kg3 fxg4 43.
Rxg4+ Kf6 44. Rf4+ Kg6 45. Rg4+ Kf6 46. Re4 Rd2 47.
Rf4+ Kg6 48. Rfa4 Rdd5 49. b3 Rg5+ 50. Rg4 Rxg4+ 51. Kxg4 Rb4+ 52. f4 Rxb3 53. Rxa5 Rb6 54. Rg5+ Kf6 55. Rh5 Kg6 56. f5+ Kg7 57. Rh1 Rb2 58.
Ra1 Rg2+ 59. Kf3 Rb2 60. Ra6 Kf7 61. Kf4 Rf2+ 62. Kg5 Rg2+ 63. Kf4 Rf2+ 64. Ke4 Re2+ 65. Kf3 Rb2 66. Rd6 Rb4 67. Re6 Ra4 68. Rd6 Rb4 69. Ke3 Ra4 70. Rd4 Rxd4 71. Kxd4 Kf6 72. Ke4 Kf7 73.
Kf4 Kf6 74. Kg4 Kf7 75. Kg5 Kg7 76. Kh5 Kf6 77. Kg4 Kf7 78. Kg5 Kg7 79. f6+ Kf7 80. Kf5 Kf8 81. Ke6 Ke8 82. Ke5 Kf7 83. Kf5 Kf8 84. Kg6 Kg8 85. f7+ Kf8 86. Kf6 1/2-1/2